 Dungeon Crawl Stone Soup version 0.31.0-9-g3a7656b989 (webtiles) character file.

Game seed: 11683773249880721672

54 qw the Shooter (level 3, -1/20 HPs)
             Began as a Deep Elf Hunter on Feb 3, 2024.
             Succumbed to their own poison gas
             ... on level 2 of the Dungeon.
             The game lasted 00:00:31 (1650 turns).

qw the Shooter (Deep Elf Hunter)                    Turns: 1650, Time: 00:00:32

Health: -1/20      AC:  5    Str:  9 (10) XL:     3   Next: 66%
Magic:  5/5        EV: 12    Int: 12 (13) God:
Gold:   108        SH:  0    Dex: 15 (18) Spells: 2/2 levels left

rFire   + . .        a - +0 shortbow
rCold   . . .        (shield currently unavailable)
rNeg    . . .        e - +2 leather armour {rF+}
rPois   .            (no helmet)
rElec   .            (no cloak)
rCorr   .            (no gloves)
SInv    .            (no boots)
Will    .....        (no amulet)
Stlth   ++           (no ring)
HPRegen 0.23/turn    (no ring)
MPRegen 0.09/turn

%: no passive effects
@: lethally poisoned (-1 -> -8)
A: no striking features
a: no special abilities


You were on level 2 of the Dungeon.
You visited 1 branch of the dungeon, and saw 2 of its levels.

You collected 108 gold pieces.


   Skills:
 - Level 1.5 Fighting
 + Level 7.2 Ranged Weapons
 - Level 2.4 Dodging
 - Level 1.2 Stealth


You had 2 spell levels left.
You didn't know any spells.
Your spell library was empty.

Inventory:

Hand Weapons
 a - a +0 shortbow (weapon)
Armour
 e - a +2 leather armour of fire resistance (worn)
 g - a +0 ring mail
Potions
 b - a potion of curing {unknown}
 c - a potion of lignification {unknown}
 d - a potion of enlightenment {unknown}

Dungeon Overview and Level Annotations

Branches:
Dungeon (2/15)

Altars:


Message History

You shoot an arrow. The arrow hits the adder.
The adder is almost dead.
The goblin closely misses you. The adder misses you.
You shoot an arrow. The arrow closely misses the adder.
The adder barely misses you. The goblin closely misses you.
You shoot an arrow. The arrow hits the adder.
You kill the adder!
The goblin hits you but does no damage.
Your Ranged Weapons skill increases to level 7!
You shoot an arrow. The arrow hits the goblin.
You kill the goblin!
You start resting.
HP restored.
Items here: %% )).
b - a ruby potion
Found a stone staircase leading down.
c - a sapphire potion
f - a scroll labelled YNIBBO AJOUTUFU A frilled lizard comes into view.
The frilled lizard hisses angrily.
You shoot an arrow. The arrow hits the frilled lizard!
You kill the frilled lizard!
Found a stone staircase leading up.
Enter note:
Enter note:
Enter note:
1645 ||| READING scroll labelled YNIBBO AJOUTUFU.
The air fills with toxic fumes!
As you read the scroll labelled YNIBBO AJOUTUFU, it crumbles to dust.
It was a scroll of poison.
You are engulfed in poison gas.
You are poisoned.
You feel very sick.
1647 ||| Stepping ~*~*~tactically~*~*~ (cloud).
You feel very sick.
There is a lethal amount of poison in your body!
You feel very sick.
There is a lethal amount of poison in your body!
You feel sick.
There is a lethal amount of poison in your body!
You die...

#.#.##.. .## #.#.#...
.0# #.#.##.. #¤# ####
.#.#.###. ###0###..
....#...#. #¤¤¤0¤#.#
..#####.#.
######¤¤¤¤¤#¤##..#
#.#.
.¤¤¤¤¤¤¤¤0¤¤¤¤¤..#
#.#.
##.###¤¤@¤¤¤¤¤#.#
#.#. ###¤0¤¤¤¤#.#
#.##
####¤¤¤¤¤¤#.######.#
#...¤###¤¤0........##
#.#### ##¤#........).
# ##.###########
###..#
#...############
......#.......#.....


There were no monsters in sight!

Vanquished Creatures
  2 adders (D:2)
  An endoplasm (D:1)
  2 giant cockroaches (D:2)
  2 goblins (D:2)
  7 hobgoblins
  5 kobolds
  2 quokkas
  A ball python (D:2)
  6 bats (D:1)
  A frilled lizard (D:2)
  4 rats
33 creatures vanquished.

Notes
Turn   | Place    | Note
-------+----------+-------------------------------------------
     0 | D:1      | qw the Deep Elf Hunter began the quest for the Orb.
     0 | D:1      | Reached XP level 1. HP: 12/12 MP: 3/3
     0 | D:1      | 0 ||| qw: Version: 0.3-a-155-g5e7d8dd
     0 | D:1      | 0 ||| qw: Game counter: 2999
     0 | D:1      | 0 ||| qw: Melee chars always use a shield: true
     0 | D:1      | 0 ||| qw: God list: Okawaru
     0 | D:1      | 0 ||| qw: Allow faded altars: false
     0 | D:1      | 0 ||| qw: Do Orc after clearing Dungeon:15 true
     0 | D:1      | 0 ||| qw: Do second Lair branch before Depths: true
     0 | D:1      | 0 ||| qw: Lair rune preference: random
     0 | D:1      | 0 ||| qw: Goals: Normal
     0 | D:1      | 0 ||| PLANNING D:1-11
   314 | D:1      | Reached skill level 6 in Ranged Weapons
   314 | D:1      | Reached XP level 2. HP: 16/16 MP: 4/4
   843 | D:1      | 843 ||| UPGRADING to +2 leather armour of fire resistance.
   853 | D:1      | 853 ||| DROPPING +0 leather armour.
   854 | D:1      | 854 ||| READING scroll labelled HARACUWNYI.
   855 | D:1      | 855 ||| DROPPING scroll of butterflies.
  1078 | D:2      | Reached XP level 3. HP: 20/20 MP: 5/5
  1167 | D:2      | 1167 ||| READING scroll labelled AMIATUZEZI.
  1168 | D:2      | 1168 ||| DRINKING 2 murky cyan potions.
  1169 | D:2      | 1169 ||| DROPPING potion of degeneration.
  1318 | D:2      | 1318 ||| READING scroll labelled GUTICEUKAU.
  1464 | D:2      | Reached skill level 7 in Ranged Weapons
  1645 | D:2      | 1645 ||| READING scroll labelled YNIBBO AJOUTUFU.
  1647 | D:2      | 1647 ||| Stepping ~*~*~tactically~*~*~ (cloud).
  1648 | D:2      | HP: 3/20 [poisoned by you (poison gas)]
  1649 | D:2      | HP: 1/20 [poisoned by you (poison gas)]
  1650 | D:2      | Succumbed to their own poison gas

Levels and vault maps discovered:
D:1:      minmay_arrival_up_and_down, layout_loops_corners,
          dreamdust_wishing_well, minmay_misc_feat_plants, nrook_uturn,
          glass_columns_a, st_stairs_12, glass_columns_b
D:2:      layout_loops_ring, serial_co_window_serial, co_window_paths_a,
          co_window_paths_b, co_window_paths_a, co_window_of_opportunity_a,
          co_window_paths_a, co_window_paths_b, co_window_corner_a,
          co_window_unsneaky_path_a, co_window_broadway_b, co_window_broadway_a,
          co_window_corner_b, co_window_4corner_b, glass_columns_a,
          glass_columns_b, glass_columns_a, glass_columns_a, glass_columns_b,
          grunt_ministairs_15

Skill      XL: |  1  2  3 |
---------------+----------+-----
Ranged Weapons | 6 7 |  7.2
Fighting       | |  1.5
Dodging        | |  2.4
Stealth        | |  1.2

Action                     || total
---------------------------++-------
   Fire: Shortbow          ||    89
    Use: Scroll            ||     4
         Potion            ||     1
 Armour: Leather armour    ||    22
  Dodge: Dodged            ||    30

Table legend:
 A = Non-vault XP
 B = Vault XP
 C = Vault XP percentage of total XP
 D = Non-vault monster count
 E = Vault monster count
 F = Vault count percentage of total count
                 A         B        C        D         E       F
            +---------+---------+-------+---------+---------+-------
      Total |      76 |       2 |   2.6 |      32 |       1 |   3.0
            +---------+---------+-------+---------+---------+-------
        D:1 |      27 |       2 |   6.9 |      17 |       1 |   5.6
        D:2 |      49 |       0 |   0.0 |      15 |       0 |   0.0
            +---------+---------+-------+---------+---------+-------
